 Dungeon Crawl Stone Soup version 0.27-a0-412-g8dd771eca2 (console) character file.

Game seed: 15962196386237711324

842 Garrluk the Grasshopper (level 8, -12/72 HPs)
             Began as a Naga Warper on Feb 24, 2021.
             Was an Initiate of Cheibriados.
             Mangled by Crazy Yiuf
             ... wielding a +4 quarterstaff of chaos
              (18 damage)
             ... on level 5 of the Dungeon.
             The game lasted 00:22:38 (3869 turns).

Garrluk the Grasshopper (Naga Warper)               Turns: 3869, Time: 00:22:39

Health: -12/72     AC:  7    Str: 14    XL:     8   Next: 0%
Magic:  7/13       EV:  9    Int: 17    God:    Cheibriados [......]
Gold:   36         SH:  0    Dex: 12    Spells: 9/14 levels left

rFire    . . .     SeeInvis +   t - +4 scythe
rCold    . . .     Faith    .   (shield currently unavailable)
rNeg     . . .     Spirit   .   a - +0 leather armour
rPois    +         Reflect  .   u - +0 helmet
rElec    .         Harm     .   k - +0 cloak
rCorr    .         Rampage  .   B - +0 pair of gloves
Will     +....                  (no barding)
Stlth    +.........             (no amulet)
HPRegen  0.22/turn              (no ring)
MPRegen  0.13/turn              (no ring)

@: very slow
A: large, see invisible, deformed body, poison resistance, slowness 2, spit
poison 1, AC +2
a: Spit Poison, Renounce Religion, Bend Time


You were on level 5 of the Dungeon.
You worshipped Cheibriados.
Cheibriados was noncommittal.
You visited 2 branches of the dungeon, and saw 6 of its levels.

You collected 293 gold pieces.
You spent 257 gold pieces at shops.

Notes
Turn   | Place    | Note
-------+----------+-------------------------------------------
     0 | D:1      | Garrluk the Naga Warper began the quest for the Orb.
     0 | D:1      | Reached XP level 1. HP: 19/19 MP: 3/3
   279 | D:1      | Reached XP level 2. HP: 8/26 MP: 5/5
   776 | D:2      | Reached XP level 3. HP: 23/32 MP: 6/6
   849 | D:2      | Learned a level 2 spell: Blink
   853 | D:2      | Learned a level 3 spell: Teleport Other
  1239 | D:2      | Reached XP level 4. HP: 18/40 MP: 7/7
  1303 | D:2      | Noticed Jessica
  1305 | D:2      | Killed Jessica
  1584 | D:3      | Found a shadowy altar of Dithmenos.
  1633 | D:3      | Reached XP level 5. HP: 35/46 MP: 8/8
  1999 | D:3      | Noticed Robin
  2050 | D:3      | Reached XP level 6. HP: 42/56 MP: 10/10
  2064 | D:3      | Killed Robin
  2435 | D:4      | Found a transporter.
  2439 | D:4      | Found a transporter.
  2558 | D:4      | Found Mimuw's Magic Scroll Emporium.
  2629 | D:4      | Bought a scroll of amnesia for 38 gold pieces
  2629 | D:4      | Bought a scroll of teleportation for 33 gold pieces
  2629 | D:4      | Bought a scroll of enchant weapon for 82 gold pieces
  2629 | D:4      | Bought a scroll of enchant armour for 82 gold pieces
  2666 | D:4      | Bought a scroll of identify for 22 gold pieces
  2795 | D:4      | Reached skill level 5 in Translocations
  2832 | D:4      | Reached XP level 7. HP: 24/62 MP: 11/11
  3076 | D:5      | Entered Level 5 of the Dungeon
  3258 | D:5      | Found a staircase to the Ecumenical Temple.
  3316 | D:5      | Noticed Sigmund
  3343 | D:5      | Killed Sigmund
  3344 | D:5      | Reached skill level 5 in Unarmed Combat
  3403 | Temple   | Entered the Ecumenical Temple
  3476 | Temple   | Became a worshipper of Cheibriados the Contemplative
  3790 | D:5      | Reached XP level 8. HP: 68/72 MP: 13/13
  3860 | D:5      | Found a runed translucent door.
  3861 | D:5      | Noticed Crazy Yiuf
  3869 | D:5      | Mangled by Crazy Yiuf

Inventory:

Hand Weapons
 t - a +4 scythe (weapon)
   (You took it off Sigmund on level 5 of the Dungeon)
Missiles
 d - 5 boomerangs of dispersal
 f - 81 stones (quivered)
 x - 8 atropa-tipped darts
Armour
 a - a +0 leather armour (worn)
 g - a +0 pair of gloves
   (You found it on level 1 of the Dungeon)
 k - a +0 cloak (worn)
   (You found it on level 2 of the Dungeon)
 u - a +0 helmet (worn)
   (You took it off Robin on level 3 of the Dungeon)
 B - a +0 pair of gloves (worn)
   (You found it on level 5 of the Dungeon)
Wands
 n - a wand of charming (8)
   (You found it on level 2 of the Dungeon)
 o - a wand of iceblast (12)
   (You found it on level 2 of the Dungeon)
 w - a wand of paralysis (11)
   (You found it on level 4 of the Dungeon)
Scrolls
 b - 2 scrolls of fog {unknown}
 c - 2 scrolls of blinking
 e - 4 scrolls of teleportation
 i - a scroll of magic mapping {unknown}
 j - a scroll of random uselessness {unknown}
 q - 2 scrolls of immolation {unknown}
 r - 2 scrolls of amnesia
 y - a scroll of enchant weapon
 z - a scroll of enchant armour
Potions
 h - 2 potions of lignification
 l - a potion of magic
 m - 2 potions of might
 p - a potion of ambrosia {unknown}
 s - 2 potions of flight
 v - 2 potions of heal wounds

Table legend: (Time is in decaauts)
 A = Elapsed time spent in this place.
 B = Non-inter-level travel time spent in this place.
 C = Inter-level travel time spent in this place.
 D = Time resting spent in this place.
 E = Time spent auto-exploring this place.
 F = Levels seen in this place.
 G = Mean time per level.
                   A        B        C        D        E       F      G
               +--------+--------+--------+--------+--------+-----+--------+
         Total |   4821 |   4707 |    114 |    458 |    703 |   6 |  803.5 |
       Dungeon |   4714 |   4630 |     84 |    458 |    656 |   5 |  942.8 |
        Temple |    106 |     77 |     29 |      0 |     46 |   1 |  106.0 |
               +--------+--------+--------+--------+--------+-----+--------+

Top non-repeatable levels by time:
     D:3: 1168 daAuts
     D:1: 941 daAuts
     D:2: 918 daAuts
     D:5: 855 daAuts
     D:4: 831 daAuts
  Temple: 106 daAuts


   Skills:
 + Level 3.9 Fighting
 - Level 0.8 Throwing
 - Level 0.7 Armour
 - Level 1.5 Dodging
 * Level 5.3 Unarmed Combat
 + Level 3.7 Spellcasting
 * Level 5.9 Translocations


You had 9 spell levels left.
You knew the following spells:

 Your Spells              Type           Power        Failure   Level
b - Blink                 Tloc           N/A          2%          2
c - Teleport Other        Tloc           23%          5%          3

Your spell library contained the following spells:

 Spells                   Type           Power        Failure   Level
 Gell's Gravitas          Tloc           11%          5%          3
 Lesser Beckoning         Tloc           11%          5%          3
 Manifold Assault         Tloc           23%          19%         4


Dungeon Overview and Level Annotations

Branches:
Dungeon (5/15)             Temple (1/1) D:5

Altars:
Ashenzari
Cheibriados
Dithmenos
Fedhas
Gozag
Hepliaklqana
Kikubaaqudgha
Makhleb
Qazlal
Sif Muna
Trog
Uskayaw
Vehumet
Wu Jian
Xom
Yredelemnul
The Shining One

Shops:
D:4 ?

Annotations:
D:4 2 transporters
D:5 Crazy Yiuf


Innate Abilities, Weirdness & Mutations

You cannot wear boots.
Your serpentine skin is tough. (AC +2)
You have supernaturally acute eyesight. (SInv)
Armour fits poorly on your strangely shaped body.
Your system is resistant to poisons. (rPois)
You cover ground very slowly.
You can spit poison.


Message History

There is a stone staircase leading down here.
You have got your breath back.
p - a smoky yellow potion
There is an open door here.
You see here a +0 giant club.
Found a runed quarterstaff.
You see here a runed quarterstaff.
Found a mace.
Found a runed translucent door.
Crazy Yiuf shouts!
You open the door.
Press: ? - help, Shift-Dir - straight line, f - Crazy Yiuf
Aim: Crazy Yiuf, wielding a +4 quarterstaff of chaos and wearing a +0 cloak The splash of poison hits Crazy Yiuf.
Crazy Yiuf is poisoned.
Crazy Yiuf is moderately wounded.
Crazy Yiuf barely misses you.
You hit Crazy Yiuf.
Crazy Yiuf is moderately wounded.
Crazy Yiuf barely misses you.
You hit Crazy Yiuf.
Crazy Yiuf is severely wounded.
You have got your breath back.
Crazy Yiuf looks more healthy.
Crazy Yiuf hits you with a +4 quarterstaff of chaos.
Crazy Yiuf hits you with a +4 quarterstaff of chaos!
You are electrocuted!
You closely miss Crazy Yiuf.
Crazy Yiuf is severely wounded.
Crazy Yiuf hits you with a +4 quarterstaff of chaos!
Crazy Yiuf freezes you.
Crazy Yiuf hits you with a +4 quarterstaff of chaos!
* * * LOW HITPOINT WARNING * * *
You feel your power leaking away.
You closely miss Crazy Yiuf.
Crazy Yiuf is severely wounded.
Crazy Yiuf hits you with a +4 quarterstaff of chaos.
* * * LOW HITPOINT WARNING * * *
Crazy Yiuf hits you with a +4 quarterstaff of chaos!
* * * LOW HITPOINT WARNING * * *
You are electrocuted!!
You die...

#.##.#.#..#
#....#.#..#
######....#
#################.#
..................#
###################
######### ........#
######.###♣♣ ###
#...#.♣♣ ♣♣#..)#
#......♣♣♣♣@g...#
##......♣..♣#...#
##.#..♣.♣♣♣ ###
###♣♣♣♣♣ ###### ####
#....# ...########
#....#
)..'......#####....##
...#####............#
...'..##............#


You could see Crazy Yiuf.

Table legend:
 A = Kills in this place as a percentage of kills in entire the game.
 B = Kills by you in this place as a percentage of kills by you in the entire game.
 C = Kills by friends in this place as a percentage of kills by friends in the entire game.
 D = Other kills in this place as a percentage of other kills in the entire game.
 E = Experience gained in this place as a percentage of experience gained in the entire game.
 F = Experience gained in this place divided by the number of levels of this place that you have seen.
                   A       B       C       D       E      F
               +-------+-------+-------+-------+-------+----------------------
         Total | 100.0 | 100.0 |   N/A |   N/A | 100.0 | 200.5
       Dungeon | 100.0 | 100.0 |   N/A |   N/A | 100.0 | 240.6
               +-------+-------+-------+-------+-------+----------------------

Vanquished Creatures
  Monster Symbol All '5'
  A shadow imp (D:5)
  A white imp (D:5)
  An ufetubus (D:5)
3 creatures vanquished. All '@' Sigmund (D:5) Jessica (D:2)
2 creatures vanquished. All 'B' 4 worker ants 3 giant cockroaches
7 creatures vanquished. All 'J' A jelly (D:5)
1 creature vanquished. All 'K' 10 kobolds
10 creatures vanquished. All 'O' 2 ogres
2 creatures vanquished. All 'S' 8 adders 2 ball pythons
10 creatures vanquished. All 'Z' An adder zombie (D:5) A giant cockroach zombie (D:5) A leopard gecko skeleton (D:4)
3 creatures vanquished. All 'b' 3 bats (D:1)
3 creatures vanquished. All 'g' Robin (D:3) 20 goblins 7 hobgoblins
28 creatures vanquished. All 'h' A hound (D:4) 2 jackals (D:2)
3 creatures vanquished. All 'l' An iguana (D:4) 7 leopard geckos 4 frilled lizards
12 creatures vanquished. All 'o' 2 orc priests An orc wizard (D:3) 9 orcs
12 creatures vanquished. All 'r' 2 quokkas 13 rats
15 creatures vanquished. All 'w' 3 worms
3 creatures vanquished.
114 creatures vanquished. Monster Nature Uniques Sigmund (D:5) Jessica (D:2) Robin (D:3)
3 creatures vanquished. Natural Monsters 2 ogres A hound (D:4) A jelly (D:5) 2 orc priests An iguana (D:4) An orc wizard (D:3) 4 worker ants 8 adders 3 worms 7 leopard geckos 9 orcs 3 giant cockroaches 20 goblins 7 hobgoblins 2 jackals (D:2) 2 quokkas 2 ball pythons 3 bats (D:1) 4 frilled lizards 10 kobolds 13 rats
105 creatures vanquished. Undead Monsters An adder zombie (D:5) A giant cockroach zombie (D:5) A leopard gecko skeleton (D:4)
3 creatures vanquished. Demonic Monsters A shadow imp (D:5) A white imp (D:5) An ufetubus (D:5)
3 creatures vanquished.
114 creatures vanquished. Ascending Order Sigmund (D:5) A hound (D:4) A jelly (D:5) An iguana (D:4) Jessica (D:2) An orc wizard (D:3) Robin (D:3) A shadow imp (D:5) A white imp (D:5) An ufetubus (D:5) An adder zombie (D:5) A giant cockroach zombie (D:5) A leopard gecko skeleton (D:4) 2 ogres 2 orc priests 2 jackals (D:2) 2 quokkas 2 ball pythons 3 worms 3 giant cockroaches 3 bats (D:1) 4 worker ants 4 frilled lizards 7 leopard geckos 7 hobgoblins 8 adders 9 orcs 10 kobolds 13 rats 20 goblins
114 creatures vanquished.

Action                   |  1- 3 |  4- 6 |  7- 9 || total
-------------------------+-------+-------+-------++-------
Melee: Unarmed           |    89 |   206 |       ||   295
       Punch             |       |     3 |     4 ||     7
       Short sword       |       |     6 |    83 ||    89
       Scythe            |       |       |    23 ||    23
Throw: Stone             |     8 |       |       ||     8
 Cast: Blink             |       |       |     1 ||     1
 Abil: Spit Poison       |    32 |    56 |    13 ||   101
  Use: Scroll            |       |     4 |       ||     4
       Potion            |       |       |     5 ||     5
Armor: Leather armour    |    23 |    69 |    33 ||   125
Dodge: Dodged            |    36 |    85 |    49 ||   170
